 Dungeon Crawl Stone Soup version 0.31.0-11-ge490571c62 (webtiles) character file.

Game seed: 10361112252091255599

1157 Gadfly the Insei (level 8, -4/58 HPs)
             Began as a Demonspawn Monk on Feb 5, 2024.
             Slain by an ogre
             ... wielding a +0 giant club
              (15 damage)
             ... on level 5 of the Dungeon.
             The game lasted 00:08:00 (5219 turns).

Gadfly the Insei (Demonspawn Monk)                  Turns: 5219, Time: 00:08:00

Health: -4/58      AC:  5    Str: 19    XL:     8   Next: 16%
Magic:  8/8        EV: 14    Int: 10    God:
Gold:   256        SH:  0    Dex: 17    Spells: 7/7 levels left

rFire   . . .        b - +1 dagger (venom)
rCold   . . .        c - orb {light}
rNeg    . . .        u - +2 robe {Will+}
rPois   .            (no helmet)
rElec   .            (no cloak)
rCorr   .            d - +0 pair of gloves
SInv    .            (no boots)
Will    +....        (no amulet)
Stlth   +            s - +6 ring of strength
HPRegen 0.29/turn    t - ring of flight
MPRegen 0.11/turn

%: no passive effects
@: flying, glowing
A: hooves 1, demonic guardian 1
a: no special abilities


You were on level 5 of the Dungeon.
You visited 1 branch of the dungeon, and saw 5 of its levels.
You also visited: Sewer.

You collected 256 gold pieces.

Inventory:

Hand Weapons
 b - a +1 dagger of venom (weapon)
 n - a +1 short sword of draining
 o - a +4 dagger
 r - the +2 flail "Guntiwyx" {flame, rF+ Dex+4}
   (You found it on level 3 of the Dungeon)

   Dex+4:     It affects your dexterity (+4).
   rF+:       It protects you from fire.
Missiles
 q - a throwing net (quivered)
Armour
 a - a +0 robe
 c - an orb of light (worn)
 d - a +0 pair of gloves (worn)
 u - a +2 robe of willpower (worn)
Jewellery
 s - a +6 ring of strength (left hand)
 t - a ring of flight (right hand)
 y - a ring of ice
Talismans
 j - a flux talisman
Scrolls
 e - 2 scrolls of teleportation
 p - a scroll of enchant weapon
 v - a scroll of identify
 x - a scroll of poison {unknown}
Potions
 f - a potion of attraction
 g - a potion of cancellation
 h - a potion of curing
 i - a potion of might
 k - a potion of magic {unknown}
 l - a potion of haste {unknown}
 m - a potion of mutation {unknown}
 w - a potion of invisibility {unknown}


   Skills:
 + Level 3.5 Fighting
 + Level 4.5 Dodging
 * Level 5.4 Unarmed Combat
 + Level 4.3 Evocations
 * Level 3.9 Shapeshifting


You had 7 spell levels left.
You didn't know any spells.
Your spell library was empty.

Dungeon Overview and Level Annotations

Branches:
Dungeon (5/15)              Sewer (visited)
 Temple: D:4-7

Altars:
Hepliaklqana
Makhleb
Nemelex Xobeh

Annotations:
D:4 2 transporters


Innate Abilities, Weirdness & Mutations

You have large cloven feet.
A weak demonic guardian rushes to your aid.


Message History

You kick the jackal, but do no damage.
The jackal is moderately wounded.
You kill the jackal!
The jackal misses you.
You hit the jackal.
You kill the jackal!
The ogre hits you with a +0 giant club!!
A demonic guardian appears!
You hit the ogre. You kick the ogre.
The ogre is moderately wounded.
Your shadow imp hits the ogre.
The ogre hits you with a +0 giant club!!
* * * LOW HITPOINT WARNING * * *
A demonic guardian appears!
You are too injured to fight recklessly!
You are too injured to fight recklessly!
You are too injured to fight recklessly!
You are too injured to fight recklessly!
You are too injured to fight recklessly!
You are too injured to fight recklessly!
You are too injured to fight recklessly!
You are too injured to fight recklessly!
You are too injured to fight recklessly!
You are too injured to fight recklessly!
You are too injured to fight recklessly!
You are too injured to fight recklessly!
You are too injured to fight recklessly!
You are too injured to fight recklessly!
Unknown command.
Your shadow imp barely misses the ogre.
Your shadow imp closely misses the ogre.
The ogre attacks as it pursues you! The ogre misses you.
Okay, then.
Okay, then.
Your shadow imp gestures at the ogre.
The ogre writhes in agony!
There is an open door here.
You see here a +0 spear.
The ogre attacks as it pursues you! The ogre hits you with a +0 giant club!
You die...

........... ###..........
............ #..........
#.......... #..†.......
######## ####### #..#
#####).....#####.....#####..#
...............'@O).55......#
.[..#......#####.†...#####.##
....#......# #.......# #+#
....#).....# ###.....#
'####......# #.....# .#
#......# #.....# .# #......#
####### .# #......# .#
########


You could see an ogre (ally target) and 2 friendly shadow imps.

Vanquished Creatures
  4 ogres
  2 kobold brigands (Sewer)
  A brain worm (Sewer)
  An orc priest (D:4)
  2 bombardier beetles (D:4)
  A gnoll bouda (D:5)
  2 hounds
  A sleepcap (D:5)
  15 gnolls
  4 adders (Sewer)
  4 dart slugs
  4 ribbon worms
  4 orcs
  13 ball pythons
  11 endoplasms
  7 goblins
  3 hobgoblins
  9 jackals
  3 quokkas
  6 bats
  5 frilled lizards
  18 kobolds
  11 rats
131 creatures vanquished.

Vanquished Creatures (collateral kills)
  A black bear (D:4)
  A gnoll (D:3)
  A ribbon worm (D:3)
  A dart slug (D:3)
4 creatures vanquished.

Grand Total: 135 creatures vanquished

Notes
Turn   | Place    | Note
-------+----------+-------------------------------------------
     0 | D:1      | Gadfly the Demonspawn Monk began the quest for the Orb.
     0 | D:1      | Reached XP level 1. HP: 18/18 MP: 1/1
   128 | D:1      | Gained mutation: You have large cloven feet. [demonic
                  | ancestry]
   128 | D:1      | Reached XP level 2. HP: 21/24 MP: 2/2
   188 | D:1      | Reached skill level 3 in Unarmed Combat
   188 | D:1      | Reached skill level 1 in Evocations
   449 | D:1      | Reached skill level 1 in Shapeshifting
   449 | D:1      | Reached XP level 3. HP: 25/29 MP: 3/3
  1253 | D:3      | Found a glowing drain.
  1258 | Sewer    | Entered a sewer
  1386 | Sewer    | Noticed a brain worm
  1395 | Sewer    | Killed a brain worm
  1396 | Sewer    | Gained mutation: A weak demonic guardian rushes to your
                  | aid. [demonic ancestry]
  1396 | Sewer    | Reached XP level 4. HP: 15/35 MP: 0/4
  1626 | Sewer    | Reached XP level 5. HP: 41/41 MP: 5/5
  1861 | Sewer    | Reached skill level 4 in Unarmed Combat
  2077 | Sewer    | Reached XP level 6. HP: 30/47 MP: 6/6
  2653 | D:3      | Identified the +2 flail "Guntiwyx" {flame, rF+ Dex+4}
  2869 | D:3      | Found a hazy altar of Hepliaklqana.
  3237 | D:4      | Reached XP level 7. HP: 42/52 MP: 7/7
  3275 | D:4      | Found a transporter.
  3401 | D:4      | Found a transporter.
  3421 | D:4      | Found a sparkling altar of Nemelex Xobeh.
  3793 | D:4      | Reached skill level 5 in Unarmed Combat
  4085 | D:4      | Reached XP level 8. HP: 36/58 MP: 8/8
  4214 | D:4      | Found a burning altar of Makhleb.
  4531 | D:5      | Entered Level 5 of the Dungeon
  5219 | D:5      | Slain by an ogre

Illustrated notes

Levels and vault maps discovered:
D:1:      onia_arrival_mini_maze, layout_rooms
D:2:      layout_rooms
D:3:      layout_rooms, mainiacjoe_overflow_paths,
          mainiacjoe_sewer_entry_somewhere_in_here_1
D:4:      gammafunk_cloud_chamber, layout_basic,
          mainiacjoe_overflow_catch_the_wave
D:5:      layout_basic, mainiacjoe_overflow_cross_hatched,
          minmay_temple_entry_antechambers

Skill      XL: |  1  2  3  4  5  6  7 |
---------------+----------------------+-----
Unarmed Combat | 3 4 5 |  5.4
Evocations     | 1 2 3 4 |  4.3
Shapeshifting  | 1 2 3 |  3.9
Dodging        | 3 4 |  4.5
Fighting       | |  3.5

Action                     |  1- 3 |  4- 6 |  7- 9 || total
---------------------------+-------+-------+-------++-------
  Melee: Unarmed           |    87 |       |       ||    87
         Kick              |    25 |    46 |    65 ||   136
         Dagger            |    50 |   161 |   129 ||   340
    Use: Potion            |     4 |       |     1 ||     5
         Scroll            |     3 |     4 |     2 ||     9
 Armour: Robe              |    86 |    63 |    79 ||   228
  Dodge: Dodged            |   123 |    87 |    96 ||   306
